 Dungeon Crawl Stone Soup version 0.29.1-1-gd02db6906a (webtiles) character file.

Game seed: 13963790835165368906

84 tardwrangler69 the Trooper (level 4, -1/29 HPs)
             Began as a Gargoyle Chaos Knight on Sept 28, 2022.
             Was a Plaything of Xom.
             Killed by divine providence
             ... invoked by an orc priest
              (14 damage)
             ... on level 2 of the Dungeon.
             The game lasted 00:02:51 (2061 turns).

tardwrangler69 the Trooper (Gargoyle Chaos Knight)  Turns: 2061, Time: 00:02:51

Health: -1/29      AC: 18    Str: 15    XL:     4   Next: 45%
Magic:  4/4        EV:  4    Int: 13    God:    Xom [..*...]
Gold:   123        SH:  0    Dex:  9    Spells: 3/3 levels left

rFire   + . .      SeeInvis .   a - +0 hand axe (chaos)
rCold   . . .      Faith    .   (no shield)
rNeg    + . .      Spirit   .   e - +0 plate armour
rPois   ∞          Reflect  .   o - +2 helmet of Qued {Drain rElec rF+ Stlth+}
rElec   +          Harm     .   (no cloak)
rCorr   .          Rampage  .   m - +0 pair of gloves
Will    .....                   (no boots)
Stlth   ..........              (no amulet)
HPRegen 0.09/turn               (no ring)
MPRegen 0.09/turn               (no ring)

@: unable to read
A: sickness immunity, AC +3, negative energy resistance 1, electricity
resistance, torment resistance 1, petrification resistance, weak 1, subdued
magic 1, inability to read after injury 1
a: Renounce Religion


You were on level 2 of the Dungeon.
You worshipped Xom.
You were a toy of Xom.
You visited 1 branch of the dungeon, and saw 2 of its levels.

You collected 123 gold pieces.

Inventory:

Hand Weapons
 a - a +0 hand axe of chaos (weapon)
Missiles
 d - 4 javelins
 i - 6 silver boomerangs
Armour
 e - a +0 plate armour (worn)
 m - a +0 pair of gloves (worn)
 o - the +2 helmet of Qued (worn) {Drain rElec rF+ Stlth+}
   (You took it off Robin on level 2 of the Dungeon)

   rF:        It protects you from fire.
   rElec:     It insulates you from electricity.
   Drain:     It drains your maximum health when unequipped.
   Stlth:     It makes you more stealthy.
Scrolls
 b - a scroll of amnesia {unknown}
 f - a scroll of enchant weapon {unknown}
 g - a scroll of vulnerability {unknown}
 j - a scroll of immolation {unknown}
 k - 3 scrolls of identify {unknown}
 l - a scroll of noise {unknown}
 n - a scroll of butterflies {unknown}
Miscellaneous
 c - a piece from Xom's chessboard (15/15) (quivered)


   Skills:
 + Level 4.1 Fighting
 * Level 4.1 Axes
 - Level 2.1 Armour
 - Level 0.7 Dodging


You had 3 spell levels left.
You didn't know any spells.
Your spell library contained the following spells:

 Spells                   Type           Power      Damage    Failure   Level
 Apportation              Tloc           0%         N/A       100%        1
 Confusing Touch          Hex            0%         N/A       100%        3
 Alistair's Intoxication  Tmut/Pois      0%         N/A       100%        5
 Yara's Violent Unravell  Hex/Tmut       0%         3d3       100%        5
 Enfeeble                 Hex            0%         N/A       100%        7
 Borgnjor's Revivificati  Necr           0%         N/A       100%        8
 Necromutation            Tmut/Necr      0%         N/A       100%        8
 Death's Door             Necr           0%         N/A       100%        9


Dungeon Overview and Level Annotations

Branches:
Dungeon (2/15)

Altars:


Innate Abilities, Weirdness & Mutations

You are immune to sickness and miasma.
Your stone body is resilient. (AC +3)
You are immune to poison.
You resist negative energy. (rN+)
You are resistant to electric shocks. (rElec)
You are resistant to unholy torment.
You are immune to petrification.
You are weak. (Str -2)
Your spells are a little easier to cast, but a little less powerful.
You occasionally lose the ability to read scrolls when taking damage.


Message History

You finish putting on the +2 helmet of Qued {Drain rElec rF+ Stlth+}.
You drop a +2 animal skin.
An orc comes into view. It is wielding a +0 hand axe.
An orc is nearby!
An orc is nearby!
An orc is nearby! 2 orcs come into view.
The orc shouts!
An orc priest comes into view. It is wielding a +0 club.
The orc moves out of view.
An orc and a bat come into view.
You hit the orc.
The orc suddenly seems more agile.
The orc is lightly wounded.
You closely miss the orc. You completely miss the bat.
The bat barely misses you. The orc hits you but does no damage.
You closely miss the orc.
The orc is lightly wounded.
You closely miss the orc. You hit the orc. Lightning courses through the orc!
You kill the orc!
The bat hits you but does no damage.
The orc priest mumbles some strange prayers to Beogh against you.
Pain shoots through your body! The orc hits you with a +0 mace.
The orc completely misses you. The bat hits you but does no damage.
The orc priest calls upon Beogh to heal the orc.
The orc's wounds heal themselves!
The orc hits you but does no damage. The bat barely misses you.
The orc priest mumbles some strange prayers to Beogh against you.
Beogh smites you! The orc hits you but does no damage.
The bat hits you but does no damage. x2
The bat attacks as you move away! The bat hits you but does no damage. x2
The bat hits you but does no damage. The bat hits you but does no damage.
The bat completely misses you. The bat hits you but does no damage.
The orc priest calls down the wrath of Beogh upon you.
Beogh smites you!
You feel threatened and lose the ability to read scrolls!
You die...
Xom laughs nastily!

#.# #.... ########.# ########
#.... ##........#
#......####### ..........#
#......#...... .. #........#
#......#.##### ..#
##........####......#.# #
...#........†..........#.#####
#.#.#.###########†......#.#....
.........oo..b@................
#...#..o.########...>...#.#....
.............# #.......#.#....
...#.......#.####.......#.#....
#.#..o#.# #............#....
#.......# #..........#######
#.......# #............# #
#.......# #............#####
#.#...#.# #.................


You could see an orc priest, 2 orcs and a bat.

Vanquished Creatures
  Robin (D:2)
  2 adders (D:2)
  A worm (D:2)
  A dart slug (D:2)
  2 orcs (D:2)
  4 ball pythons
  An endoplasm (D:1)
  11 goblins (D:2)
  6 hobgoblins
  A jackal (D:1)
  4 kobolds
  A quokka (D:2)
  2 bats
  A frilled lizard (D:2)
  4 rats
42 creatures vanquished.

Vanquished Creatures (collateral kills)
  A goblin (D:2)
1 creature vanquished.

Grand Total: 43 creatures vanquished

Notes
Turn   | Place    | Note
-------+----------+-------------------------------------------
     0 | D:1      | tardwrangler69 the Gargoyle Chaos Knight began the quest
                  | for the Orb.
     0 | D:1      | Reached XP level 1. HP: 14/14 MP: 1/1
   104 | D:1      | XOM: divination: detect creatures
   403 | D:1      | Found a faded altar of an unknown god.
   409 | D:1      | Reached XP level 2. HP: 19/19 MP: 2/2
   884 | D:1      | XOM: god gift: scroll labelled FAZ PAATIDOSM {god gift}
   916 | D:2      | XOM: cast spell 'Summon Small Mammal'
   930 | D:2      | XOM: enchant monster (bad)
   936 | D:2      | XOM: 6-stop teleportation journey
   949 | D:2      | Reached XP level 3. HP: 9/24 MP: 3/3
   976 | D:2      | XOM: 1-stop teleportation journey
  1220 | D:2      | XOM: give mutations
  1220 | D:2      | Gained mutation: You are weak. (Str -2) [Xom's mischief]
  1220 | D:2      | Gained mutation: Your spells are a little easier to cast,
                  | but a little less powerful. [Xom's mischief]
  1220 | D:2      | Gained mutation: You occasionally lose the ability to read
                  | scrolls when taking damage. [Xom's mischief]
  1517 | D:2      | Identified the +2 helmet of Qued {Drain rElec rF+ Stlth+}
  1517 | D:2      | Noticed Robin
  1527 | D:2      | XOM: fog
  1702 | D:2      | Reached XP level 4. HP: 19/29 MP: 4/4
  1705 | D:2      | Killed Robin
  1718 | D:2      | XOM: 1-stop teleportation journey
  1782 | D:2      | XOM: god gift: 18 gold pieces
  2061 | D:2      | Killed from afar by an orc priest

Illustrated notes

Levels and vault maps discovered:
D:1:      dpeg_arrival_concentric_ovals, layout_basic,
          hellmonk_ecumenical_altar_pennies_from_heaven, minmay_hedge_maze,
          minmay_octomino_j4
D:2:      cheibrodos_pilgrimage, layout_basic, serial_shops,
          nicolae_shop_bloodbath_and_beyond, uniq_jessica, uniq_robin

Skill      XL: |  1  2  3  4 |
---------------+-------------+-----
Axes           | 3 4 |  4.1
Fighting       | 4 |  4.1
Armour         | |  2.1
Dodging        | |  0.7

Action                   |  1- 3 |  4- 6 || total
-------------------------+-------+-------++-------
Melee: Hand axe          |    99 |    24 ||   123
       Punch             |     1 |       ||     1
  Use: Potion            |     2 |       ||     2
 Stab: Sleeping          |     1 |       ||     1
Armor: Leather armour    |    47 |       ||    47
       Plate armour      |    15 |    30 ||    45
Dodge: Dodged            |    59 |     6 ||    65
